Map: [ESL] Site Delta

Players

Scarlett

  • Race: Zerg Zerg
  • Spawn Location: 11:00

trigger - Winner!

  • Race: Protoss Protoss
  • League: Grandmaster
  • Spawn Location: 5:00

Event: HomeStory Cup XXIV

VOD

Have the link to the VOD?

Description

Time

  • Played on: Dec. 2, 2023, 4:24 p.m.
  • Length: 7:03

All games in this series

Show
View Real Time Build Order
Export as new Build Order

Scarlett Zerg 

Build Orders: Hatch First 

Get SALT Encoding   

  12  0:00  Drone  
  13  0:12  Overlord  
  13  0:16  Drone  
  14  0:30  Drone x2  
  16  0:42  Drone  
  17  0:51  Hatchery  
  17  0:54  Drone  
  17  0:58  Drone  
  18  1:08  Extractor  
  17  1:12  Spawning Pool  
  17  1:15  Drone  
  17  1:19  Drone  
  18  1:28  Drone  
  19  1:40  Drone  
  20  1:49  Overlord  
  20  1:59  Queen  
  22  2:02  Zergling x2, Queen  
  22  2:03  Drone  
  26  2:11  Metabolic Boost  
  26  2:12  Zergling x2  
  26  2:13  Drone  
  28  2:22  Drone  
  29  2:24  Drone  
  30  2:37  Hatchery  
  30  2:41  Queen  
  31  2:44  Zergling x2  
  31  2:45  Drone  
  31  2:48  Overlord  
  33  2:53  Drone  
  33  2:57  Drone  
  33  2:58  Drone  
  36  3:11  Zergling x4  
  38  3:13  Drone x2, Overlord  
  38  3:15  Queen  
  42  3:23  Drone  
  43  3:28  Drone  
  44  3:34  Queen  
  44  3:35  Drone x2  
  44  3:39  Drone  
  48  3:43  Drone x2  
  48  3:46  Drone x2  
  52  3:50  Drone, Queen  
  55  3:55  Queen  
  55  3:56  Overlord  
  55  3:57  Overlord  
  55  4:01  Drone  
  58  4:06  Spore Crawler  
  57  4:10  Spore Crawler  
  57  4:11  Drone, Overlord  
  57  4:12  Drone  
  58  4:18  Spore Crawler  
  58  4:20  Drone x4  
  61  4:28  Spore Crawler  
  60  4:33  Lair  
  60  4:36  Roach Warren  
  59  4:38  Extractor  
  59  4:40  Drone x4  
  59  4:41  Extractor  
  59  4:42  Drone  
  59  4:43  Drone  
  63  4:45  Drone x2  
  63  4:46  Drone  
  65  4:53  Drone x4  
  65  4:56  Drone x2  
  71  5:01  Pneumatized Carapace  
  71  5:02  Overlord  
  71  5:05  Drone x2  
  71  5:07  Drone  
  74  5:10  Overlord  
  73  5:14  Overlord x2  
  73  5:24  Roach x3  
  73  5:25  Roach x2  
  73  5:26  Roach  
  85  5:31  Roach x3  
  91  5:42  Zergling x18  
  100  5:48  Overlord  
  100  5:49  Zergling x4  
  102  5:59  Zergling x12  
  102  6:01  Zergling x2  
  102  6:02  Overlord  
  102  6:03  Ravager x2  
  111  6:09  Zergling x2, Ravager  
  111  6:10  Zergling x4  
  111  6:12  Zergling x8  
  111  6:15  Zergling x2  
  112  6:27  Zergling x12  
  110  6:36  Zergling x4  
Show
View Real Time Build Order
Export as new Build Order

trigger Protoss - Winner!

Build Orders: 1 Gate Expand, Oracle Opening 

Get SALT Encoding   

  12  0:00  Probe  
  13  0:12  Probe  
  14  0:21  Pylon  
  14  0:24  Probe  
  15  0:39  Probe (Chrono Boost)  
  15  0:41  Gateway  
  16  0:48  Probe (Chrono Boost)  
  16  0:49  Assimilator  
  17  0:54  Probe  
  18  1:06  Probe  
  19  1:18  Probe  
  20  1:26  Nexus  
  20  1:36  Cybernetics Core  
  20  1:40  Probe  
  20  1:46  Assimilator  
  21  1:52  Probe  
  22  1:58  Pylon  
  22  2:04  Probe (Chrono Boost)  
  23  2:14  Adept (Chrono Boost)  
  23  2:16  Probe (Chrono Boost)  
  23  2:18  Stargate  
  26  2:25  Probe (Chrono Boost)  
  27  2:30  Warp Gate  
  27  2:31  Probe (Chrono Boost)  
  28  2:37  Adept  
  28  2:39  Probe (Chrono Boost)  
  32  2:49  Probe (Chrono Boost)  
  32  2:50  Probe (Chrono Boost)  
  33  2:54  Probe (Chrono Boost)  
  33  2:55  Probe (Chrono Boost)  
  35  3:02  Oracle (Chrono Boost)  
  38  3:06  Probe  
  38  3:07  Probe  
  38  3:11  Adept  
  42  3:14  Pylon  
  42  3:18  Probe  
  42  3:19  Probe  
  44  3:23  Gateway  
  44  3:30  Probe  
  44  3:31  Oracle, Probe  
  49  3:42  Probe  
  50  3:51  Nexus  
  50  3:54  Probe  
  52  3:55  Probe  
  52  3:56  Assimilator  
  52  4:00  Pylon  
  52  4:06  Probe  
  53  4:11  Probe  
  53  4:12  Pylon  
  53  4:15  Assimilator, Oracle (Chrono Boost)  
  54  4:18  Probe  
  54  4:21  Twilight Council  
  58  4:24  Probe  
  58  4:30  Probe  
  60  4:34  Forge  
  60  4:35  Shield Battery  
  60  4:39  Probe  
  60  4:42  Probe  
  62  4:51  Probe (Chrono Boost)  
  63  4:54  Probe (Chrono Boost)  
  63  4:55  Gateway x2  
  63  4:56  Blink (Chrono Boost)  
  64  5:03  Probe (Chrono Boost)  
  64  5:04  Probe (Chrono Boost)  
  64  5:06  Probe (Chrono Boost)  
  67  5:12  Probe x2 (Chrono Boost)  
  67  5:13  Probe (Chrono Boost)  
  70  5:18  Probe  
  70  5:19  Probe  
  70  5:20  Gateway  
  72  5:23  Gateway  
  72  5:26  Stalker x2  
  78  5:35  Pylon  
  78  5:36  Pylon  
  78  5:37  Shield Battery  
  78  5:39  Photon Cannon  
  78  5:42  Probe x3  
  79  5:49  Shield Battery  
  79  5:51  Pylon  
  79  5:55  Stalker x3  
  85  5:57  Stalker  
  87  6:10  Pylon  
  87  6:12  Pylon  
  87  6:13  Photon Cannon  
  87  6:15  Shield Battery  
  87  6:18  Stalker x4  
  89  6:22  Stalker  
  97  6:31  Shield Battery  
  97  6:33  Stalker  
  90  6:42  Stalker  
  90  6:43  Stalker x3  
  90  6:45  Probe  
  97  6:47  Gateway, Probe  
  97  6:51  Probe  
  99  6:54  Assimilator  
  99  7:00  Stalker  
Tags
 
Add a new tag
Caveats
  • Supply blocks, unpowered buildings, or Contaminate may cause inaccurate times.
  • Supply counts are checked every 10 seconds.